 Dungeon Crawl Stone Soup version 0.24-a0-433-gbe6fa4f6cc (webtiles) character file.

Game seed: 9315689036521276136

2388 Gargoyl the Skirmisher (level 9, -2/70 HPs)
             Began as a Centaur Abyssal Knight on June 13, 2019.
             Was an Elder of Lugonu.
             Succumbed to a killer bee's poison
             ... on level 6 of the Dungeon on June 14, 2019.
             The game lasted 00:10:40 (7141 turns).

Gargoyl the Skirmisher (Centaur Abyssal Knight)     Turns: 7141, Time: 00:10:41

Health: -2/70      AC: 10    Str: 21    XL:     9   Next: 22%
Magic:  12/12      EV: 13    Int: 16    God:    Lugonu [****..]
Gold:   366        SH:  0    Dex: 11    Spells: 8/8 levels left

rFire    + . .     SeeInvis .   u - +8 trident "Huopukeh" {pierce, MR+}
rCold    . . .     Gourm    .   (no shield)
rNeg     . . .     Faith    .   m - +0 ring mail
rPois    .         Spirit   .   (no helmet)
rElec    .         Reflect  .   x - +0 cloak
rCorr    .         Harm     .   j - +1 pair of gloves
MR       +....                  (no barding)
Stlth    +.........             (no amulet)
HPRegen  0.21/turn              g - ring of stealth
MPRegen  0.13/turn              t - +3 ring of evasion

@: mighty, brilliant, lethally poisoned (-2 -> -17), berserk cooldown, slowed
A: large, hooves 3, deformed body, fire resistance 1, speed 2, frail 1, tough
skin 3
a: Depart the Abyss, Bend Space, Banish, Corrupt, Renounce Religion


You were on level 6 of the Dungeon.
You worshipped Lugonu.
Lugonu was greatly pleased with you.
You were not hungry.

You visited 1 branch of the dungeon, and saw 6 of its levels.
You visited the Abyss 1 time.
You also visited: Sewer.

You collected 366 gold pieces.

Inventory:

Hand Weapons
 a - a +2 hand axe
 k - a +4 hand axe of chopping
 u - the +8 trident "Huopukeh" (weapon) {pierce, MR+}
   (You found it on level 6 of the Dungeon)

   It inflicts extra damage upon your enemies.
   It affects your resistance to hostile enchantments.
Missiles
 b - 15 boomerangs (quivered)
Armour
 j - a +1 pair of gloves (worn)
 m - a +0 ring mail (worn)
 x - a +0 cloak (worn)
Jewellery
 g - a ring of stealth (left hand)
 t - a +3 ring of evasion (right hand)
Wands
 y - a wand of scattershot (4)
Scrolls
 q - 2 scrolls of remove curse
 r - 7 scrolls of teleportation
 v - 3 scrolls of identify
Potions
 d - 2 potions of mutation
 e - 7 potions of flight
 f - a potion of brilliance
 h - 4 potions of curing {unknown}
 i - a potion of haste {unknown}
 l - a potion of magic
 n - a potion of berserk rage
 o - 2 potions of agility {unknown}
 p - a potion of might
 s - a potion of cancellation {unknown}
 z - a potion of degeneration {unknown}
Comestibles
 c - 4 rations


   Skills:
 + Level 6.9 Fighting
 + Level 4.5(5.1) Axes
 + Level 3.5(4.6) Polearms
 * Level 4.8 Armour
 * Level 3.1 Dodging
 * Level 5.3 Invocations


You had 8 spell levels left.
You didn't know any spells.
Your spell library was empty.

Dungeon Overview and Level Annotations

Branches:
Dungeon (6/15)             Temple (0/1) D:6

Altars:
Elyvilon
Fedhas
Nemelex Xobeh
Okawaru
Ru
Sif Muna
Trog
Vehumet
Wu Jian

Shops:
D:5 ?   D:6 (


Innate Abilities, Weirdness & Mutations

You have hooves in place of feet.
Armour fits poorly on your strangely shaped body.
You cover ground very quickly.
You have extremely tough skin. (AC +3)
Your flesh is heat resistant. (rF+)
You are frail. (-10% HP)


Message History

* * * LOW HITPOINT WARNING * * *
You feel sick.
* * * LOW HITPOINT WARNING * * *
You feel sick.
Things that are here:
a killer bee corpse x2
You feel a strong urge to attack something.
* * * LOW HITPOINT WARNING * * *
You feel sick.
* * * LOW HITPOINT WARNING * * *
You feel sick.
You feel your anger nearly subside.
You are no longer berserk.
You are exhausted.
You feel yourself slow down.
* * * LOW HITPOINT WARNING * * *
You feel sick.
It was a potion of might.
You feel very mighty all of a sudden.
You die...

........#####.#.
...###...........#[ .>. .#.
#.## #.##
##.#####.#............
.....
#.#####.#####.##.#.......#.
##.##
..............##...........
........########.#.#.#.#.#.
..#####.# #.............
..# #.######[#.#.#.......
..# #.........@....# ..##
###'#####.#.#.### ...#
#.....# #.....# .#.#
#.()..# ###.### .#.#
#..∩..# #†##### .#.#
#.....# #†#...####
...###.....# #.#.#>...#
##...###'#######.#...####
#.### #.........##.##


There were no monsters in sight!

Vanquished Creatures
  A glowing orange brain (Abyss:1)
  Duvessa (D:6)
  An ice beast (D:6)
  An ogre (D:6)
  Blork the orc (D:5)
  A big kobold (D:6)
  Dowan (D:6)
  A scorpion (D:6)
  A water moccasin skeleton (D:5)
  11 killer bees (D:6)
  A howler monkey (D:5)
  2 centaur zombies (D:5)
  A centaur skeleton (D:4)
  5 orc priests
  A hound (D:6)
  2 iguanas
  4 orc wizards
  3 worker ants
  A merfolk siren (Sewer)
  A merfolk avatar (Sewer)
  A howler monkey skeleton (D:4)
  7 adders
  2 river rats (Sewer)
  A shadow imp (D:5)
  3 oozes
  An adder zombie (D:5)
  An adder skeleton (D:4)
  7 worms
  3 dart slugs
  8 leopard geckos
  17 orcs
  7 bats
  6 giant cockroaches
  7 goblins
  5 hobgoblins
  10 jackals
  9 kobolds
  A quokka (D:6)
  10 ball pythons
  A ball python skeleton (D:4)
  8 frilled lizards
  A quokka zombie (D:2)
  30 rats
187 creatures vanquished.

Notes
Turn   | Place    | Note
-------+----------+-------------------------------------------
     0 | Abyss:1  | Gargoyl the Centaur Abyssal Knight began the quest for the
                  | Orb.
     0 | Abyss:1  | Reached XP level 1. HP: 19/19 MP: 2/2
    60 | Abyss:1  | Noticed a ynoxinul
   162 | Abyss:1  | Noticed a frost giant simulacrum
   175 | Abyss:1  | Noticed a glowing orange brain
   199 | Abyss:1  | Noticed a neqoxec
   199 | Abyss:1  | Killed a glowing orange brain
   199 | Abyss:1  | Reached skill level 6 in Fighting
   199 | Abyss:1  | Reached XP level 2. HP: 30/30 MP: 2/4
   199 | Abyss:1  | Reached XP level 3. HP: 37/37 MP: 2/5
   199 | Abyss:1  | Reached XP level 4. HP: 44/44 MP: 2/6
   199 | Abyss:1  | Reached XP level 5. HP: 50/50 MP: 2/7
   199 | Abyss:1  | Reached XP level 6. HP: 57/57 MP: 2/8
   203 | Abyss:1  | Noticed a worldbinder
   219 | Abyss:1  | Noticed a jumping spider
   220 | Abyss:1  | Noticed a tarantella
   243 | Abyss:1  | Noticed a jumping spider
   244 | D:1      | Escaped the Abyss
   450 | D:1      | Reached * piety under Lugonu
   453 | D:1      | Upgraded the game from 0.24-a0-423-g6870c0f642 to
                  | 0.24-a0-433-gbe6fa4f6cc
  1043 | D:2      | Reached skill level 1 in Dodging
  1199 | D:2      | Found a bloodstained altar of Trog.
  1216 | D:2      | Reached XP level 7. HP: 63/63 MP: 9/9
  1536 | D:2      | Reached ** piety under Lugonu
  2074 | D:3      | Found an iron altar of Okawaru.
  2074 | D:3      | Found an ornate altar of the Wu Jian Council.
  2075 | D:3      | Found a white marble altar of Elyvilon.
  2077 | D:3      | Found a deep blue altar of Sif Muna.
  2978 | D:4      | Found a blossoming altar of Fedhas.
  3203 | D:4      | Reached *** piety under Lugonu
  3717 | D:5      | Entered Level 5 of the Dungeon
  4089 | D:5      | Found Joptye's Magic Scroll Shoppe.
  4161 | D:5      | Reached XP level 8. HP: 71/71 MP: 11/11
  4431 | D:5      | Noticed Blork the orc
  4452 | D:5      | Killed Blork the orc
  4616 | D:5      | Found a sacrificial altar of Ru.
  4928 | D:6      | Got a fine trident
  4929 | D:6      | Identified the +8 trident "Huopukeh" {pierce, MR+} (You
                  | found it on level 6 of the Dungeon)
  5069 | D:6      | Found a glowing drain.
  5077 | Sewer    | Entered a sewer
  5222 | Sewer    | Reached **** piety under Lugonu
  5766 | D:5      | Reached skill level 1 in Polearms
  6213 | D:6      | Found a radiant altar of Vehumet.
  6739 | D:6      | Found a sparkling altar of Nemelex Xobeh.
  6764 | D:6      | Reached skill level 5 in Invocations
  6800 | D:6      | Found Zuliuf's Weapon Boutique.
  6800 | D:6      | Noticed Duvessa
  6800 | D:6      | Noticed Dowan
  6805 | D:6      | Killed Duvessa
  6805 | D:6      | Reached XP level 9. HP: 61/78 MP: 12/12
  6812 | D:6      | Killed Dowan
  7092 | D:6      | Found a staircase to the Ecumenical Temple.
  7131 | D:6      | Gained mutation: You are frail. (-10% HP) [potion of
                  | mutation]
  7131 | D:6      | Gained mutation: Your flesh is heat resistant. (rF+)
                  | [potion of mutation]
  7135 | D:6      | HP: 5/105 [poisoned by a killer bee]
  7140 | D:6      | HP: 1/70 [poisoned by a killer bee]
  7141 | D:6      | Succumbed to a killer bee's poison

Levels and vault maps discovered:
D:1:      roderic_chinese_lattice_arrival, layout_basic
D:2:      layout_basic, bloody_trog
D:3:      layout_basic, chequers_temple_overflow_statue_of_worship
D:4:      layout_cave_pools, fedhas_altar_1
D:5:      layout_basic, kennysheep_mini, first_ration, serial_shops,
          kennysheep_mini_moat, grunt_ministairs_11, uniq_blork_the_orc
D:6:      layout_loops_ring, nicolae_dithmenos_through_a_glass_darkly,
          lemuel_crystal_altar, minmay_temple_entry_glass, serial_shops,
          kennysheep_little_box, lightli_sewer_entry_pipes,
          nemelex_dance_club_becter, uniq_duvessa

Skill      XL: |  1  2  3  4  5  6  7  8  9 |
---------------+----------------------------+-----
Fighting       | 6 |  6.9
Axes           | 3 4 |  4.5
Armour         | 2 3 4 |  4.8
Invocations    | 3 4 5 |  5.3
Dodging        | 1 2 3 |  3.1
Polearms       | 3 |  3.5

Action                   |  1- 3 |  4- 6 |  7- 9 || total
-------------------------+-------+-------+-------++-------
Melee: Hand axe          |    15 |    69 |   211 ||   295
       Kick              |     4 |    19 |    77 ||   100
       Trident           |       |       |   171 ||   171
Invok: Depart the Abyss  |       |     1 |       ||     1
  Use: Scroll            |     1 |     1 |     5 ||     7
       Potion            |       |       |     5 ||     5
 Stab: Sleeping          |       |       |     4 ||     4
  Eat: Chunk             |       |       |     8 ||     8
       Ration            |       |       |     3 ||     3
Armor: Leather armour    |       |    28 |    19 ||    47
       Ring mail         |       |       |   188 ||   188
Dodge: Dodged            |       |    34 |   209 ||   243

Table legend:
 A = Non-vault XP
 B = Vault XP
 C = Vault XP percentage of total XP
 D = Non-vault monster count
 E = Vault monster count
 F = Vault count percentage of total count
                 A         B        C        D         E       F
            +---------+---------+-------+---------+---------+-------
      Total |    2746 |     666 |  19.5 |     136 |      51 |  27.3
            +---------+---------+-------+---------+---------+-------
        D:1 |      31 |       0 |   0.0 |      17 |       0 |   0.0
        D:2 |     102 |       0 |   0.0 |      23 |       0 |   0.0
        D:3 |     129 |       0 |   0.0 |      27 |       0 |   0.0
        D:4 |     323 |       0 |   0.0 |      20 |       0 |   0.0
        D:5 |     299 |     100 |  25.1 |      17 |       1 |   5.6
        D:6 |    1213 |     405 |  25.0 |      31 |      12 |  27.9
    Abyss:1 |     649 |       0 |   0.0 |       1 |       0 |   0.0
      Sewer |       0 |     161 | 100.0 |       0 |      38 | 100.0
            +---------+---------+-------+---------+---------+-------
